 Dungeon Crawl Stone Soup version 0.31-a0-819-gf6de2f5ab6 (webtiles) character file.

Game seed: 14792480056752309237

627 qw the Skirmisher (level 7, 0/43 HPs)
             Began as a Gargoyle Hunter on Sept 23, 2023.
             Slain by a gnoll
             ... wielding a +0 halberd
              (4 damage)
             ... on level 5 of the Dungeon.
             The game lasted 00:01:25 (3789 turns).

qw the Skirmisher (Gargoyle Hunter)                 Turns: 3789, Time: 00:01:25

Health: 0/43       AC: 10    Str: 14    XL:     7   Next: 47%
Magic:  7/7        EV: 10    Int: 10    God:
Gold:   193        SH:  0    Dex: 15    Spells: 6/6 levels left

rFire   . . .        Y - +0 shortbow
rCold   . . .        (shield currently unavailable)
rNeg    + . .        f - +0 ring mail
rPois   inf          (no helmet)
rElec   +            (no cloak)
rCorr   .            (no gloves)
SInv    .            (no boots)
Will    +....        (no amulet)
Stlth   +            a - ring of willpower
HPRegen 0.27/turn    (no ring)
MPRegen 0.10/turn

%: no passive effects
@: no status effects
A: sickness immunity, AC +4, negative energy resistance 1, electricity
resistance, torment resistance 1, petrification resistance
a: no special abilities


You were on level 5 of the Dungeon.
You visited 1 branch of the dungeon, and saw 5 of its levels.

You collected 246 gold pieces.
You spent 53 gold pieces at shops.


Innate Abilities, Weirdness & Mutations

You are immune to sickness and miasma.
Your stone body is resilient. (AC +4)
You are immune to poison.
You resist negative energy. (rN+)
You are resistant to electric shocks. (rElec)
You are resistant to unholy torment.
You are immune to petrification.


   Skills:
 + Level 4.1 Fighting
 - Level 8.1 Ranged Weapons
 - Level 1.0 Armour
 - Level 1.5 Dodging
 - Level 1.1 Stealth


You had 6 spell levels left.
You didn't know any spells.
Your spell library was empty.

Inventory:

Hand Weapons
 Y - a +0 shortbow (weapon)
Armour
 f - a +0 ring mail (worn)
Jewellery
 a - a ring of willpower (left hand)
Scrolls
 d - a scroll of identify
Potions
 b - a potion of ambrosia {unknown}
 c - a potion of invisibility {unknown}
 g - a potion of heal wounds {unknown}
 j - 2 potions of curing

Dungeon Overview and Level Annotations

Branches:
Dungeon (5/15)
 Temple: D:4-7

Altars:
Ru

Shops:
D:2 *


Message History

The arrow hits the gnoll but does no damage.
The gnoll is moderately wounded.
The gnoll hits you but does no damage.
The gnoll hits you from afar with a +0 spear.
You shoot an arrow. The arrow hits the gnoll.
The gnoll is severely wounded.
The gnoll hits you but does no damage. x3
The gnoll hits you from afar with a +0 halberd.
You shoot an arrow. The arrow barely misses the gnoll.
The gnoll misses you. The gnoll barely misses you.
You shoot an arrow. The arrow hits the gnoll.
The gnoll is severely wounded.
The gnoll barely misses you.
The gnoll hits you from afar with a +0 halberd!
You shoot an arrow.
The arrow hits the gnoll but does no damage.
The gnoll is severely wounded.
The gnoll hits you but does no damage. The gnoll barely misses you.
You shoot an arrow. The arrow hits the gnoll!
You kill the gnoll!
The gnoll hits you but does no damage.
You shoot an arrow. The arrow hits the gnoll.
The gnoll is moderately wounded.
The gnoll barely misses you. The gnoll hits you but does no damage.
You shoot an arrow. The arrow hits the gnoll.
The gnoll is heavily wounded.
The gnoll hits you from afar with a +0 halberd!
The gnoll hits you from afar with a +0 spear.
You shoot an arrow. The arrow hits the gnoll.
The gnoll is heavily wounded.
The gnoll hits you from afar with a +0 halberd.
The gnoll hits you from afar with a +0 spear.
You shoot an arrow. The arrow closely misses the gnoll.
The gnoll hits you from afar with a +0 halberd!
The gnoll closely misses you.
You shoot an arrow.
The arrow hits the gnoll but does no damage.
The gnoll is heavily wounded.
The gnoll hits you from afar with a +0 halberd.
You die...

##....#.## #.. #....#.#
<. #######....#.#
...........>...#####
###.#.####.....#.....# .
..(.............#### ...
......#.#..##.##..
.....#.##.#.#.<##.##.###
.....g)@....#..##.##.#..
.....g.##..........#.#.#
...............###.#.#.#
................##......
................####.#.#
................####.#.#
...................#.#..
.....(.....###.#####.###
.#######..# #.....#....


You could see 2 gnolls.

Vanquished Creatures
  Eustachio (D:5)
  A centaur (D:4)
  An ogre (D:4)
  2 scorpions
  A jelly (D:5)
  An orc priest (D:4)
  2 gnolls (D:5)
  4 adders
  A worm (D:2)
  2 dart slugs (D:1)
  3 orcs (D:4)
  3 ball pythons
  7 endoplasms
  4 giant cockroaches
  12 goblins
  4 hobgoblins
  4 jackals (D:3)
  4 quokkas
  8 bats
  3 frilled lizards
  4 kobolds
  6 rats
78 creatures vanquished.

Notes
Turn   | Place    | Note
-------+----------+-------------------------------------------
     0 | D:1      | qw the Gargoyle Hunter began the quest for the Orb.
     0 | D:1      | Reached XP level 1. HP: 12/12 MP: 1/1
     0 | D:1      | 0 ||| qw: Version: 0.3-a-83-gcd0e7d8
     0 | D:1      | 0 ||| qw: Game counter: 1443
     0 | D:1      | 0 ||| qw: Melee chars always use a shield: true
     0 | D:1      | 0 ||| qw: God list: Okawaru
     0 | D:1      | 0 ||| qw: Allow faded altars: false
     0 | D:1      | 0 ||| qw: Do Orc after clearing Dungeon:15 true
     0 | D:1      | 0 ||| qw: Do second Lair branch before Depths: true
     0 | D:1      | 0 ||| qw: Lair rune preference: random
     0 | D:1      | 0 ||| qw: Goals: Normal
     0 | D:1      | 0 ||| PLANNING D:1-11
   201 | D:1      | Reached XP level 2. HP: 16/17 MP: 2/2
   648 | D:1      | Reached XP level 3. HP: 17/21 MP: 3/3
   675 | D:1      | 675 ||| READING scroll labelled PUFYMA XASOGE.
   676 | D:1      | 676 ||| DROPPING scroll of butterflies.
   789 | D:2      | Reached skill level 5 in Ranged Weapons
   800 | D:2      | Found Suheustre's Assorted Antiques.
   810 | D:2      | 810 ||| SHOPLISTING 2 scrolls of identify (112 gold, have
                  | 65).
   810 | D:2      | 810 ||| BUYING pink potion (25 gold).
   810 | D:2      | Bought a pink potion for 25 gold pieces
   810 | D:2      | 810 ||| BUYING scroll labelled NEIFIFY AQUPT (28 gold).
   810 | D:2      | Bought a scroll labelled NEIFIFY AQUPT for 28 gold pieces
   810 | D:2      | 810 ||| SHOPLISTING scroll of identify (56 gold, have 12).
   840 | D:2      | Noticed a scorpion
   851 | D:2      | Killed a scorpion
   852 | D:2      | Reached skill level 3 in Fighting
   852 | D:2      | Reached XP level 4. HP: 14/29 MP: 4/4
  1654 | D:2      | 1654 ||| UPGRADING to +0 ring mail.
  1664 | D:2      | 1664 ||| DROPPING +0 leather armour.
  1665 | D:2      | 1665 ||| UPGRADING to ring of willpower.
  1666 | D:2      | 1666 ||| READING scroll labelled NEIFIFY AQUPT.
  1669 | D:2      | 1669 ||| READING 3 scrolls labelled KEMPYATUPS.
  1670 | D:2      | 1670 ||| DROPPING 2 scrolls of revelation.
  1792 | D:3      | Reached skill level 1 in Armour
  1792 | D:3      | Reached XP level 5. HP: 33/33 MP: 5/5
  2280 | D:3      | 2280 ||| READING scroll labelled NIYROSHRASIK.
  2281 | D:3      | 2281 ||| READING scroll labelled DOILLO ENOFF.
  2282 | D:3      | 2282 ||| READING scroll labelled LOIPRO MAWKI.
  2283 | D:3      | 2283 ||| READING scroll labelled POBEPOMMEBI.
  2284 | D:3      | 2284 ||| READING scroll labelled HESEUT VAFI.
  2385 | D:3      | 2385 ||| DRINKING 2 coppery potions.
  2386 | D:3      | 2386 ||| DROPPING potion of brilliance.
  2510 | D:4      | Noticed a centaur
  2517 | D:4      | HP: 7/33 [centaur/arrow (4)]
  2521 | D:4      | Killed a centaur
  2522 | D:4      | Reached skill level 6 in Ranged Weapons
  2522 | D:4      | Reached XP level 6. HP: 8/38 MP: 6/6
  2528 | D:4      | 2528 ||| FLEEEEING.
  2529 | D:4      | 2529 ||| FLEEEEING.
  2530 | D:4      | 2530 ||| FLEEEEING.
  2531 | D:4      | 2531 ||| FLEEEEING.
  2532 | D:4      | 2532 ||| FLEEEEING.
  2533 | D:4      | 2533 ||| FLEEEEING.
  2534 | D:4      | 2534 ||| FLEEEEING.
  2535 | D:4      | 2535 ||| FLEEEEING.
  2544 | D:4      | 2544 ||| FLEEEEING.
  2545 | D:4      | 2545 ||| FLEEEEING.
  2546 | D:4      | 2546 ||| FLEEEEING.
  2547 | D:4      | 2547 ||| FLEEEEING.
  2548 | D:4      | 2548 ||| FLEEEEING.
  2549 | D:4      | 2549 ||| FLEEEEING.
  2550 | D:4      | 2550 ||| FLEEEEING.
  2551 | D:4      | 2551 ||| FLEEEEING.
  2553 | D:4      | 2553 ||| FLEEEEING.
  2554 | D:4      | 2554 ||| FLEEEEING.
  2555 | D:4      | 2555 ||| FLEEEEING.
  2556 | D:4      | 2556 ||| FLEEEEING.
  2557 | D:4      | 2557 ||| FLEEEEING.
  2558 | D:4      | 2558 ||| FLEEEEING.
  2559 | D:4      | 2559 ||| FLEEEEING.
  2560 | D:4      | 2560 ||| FLEEEEING.
  2561 | D:4      | 2561 ||| FLEEEEING.
  2562 | D:4      | 2562 ||| FLEEEEING.
  2563 | D:4      | 2563 ||| FLEEEEING.
  2564 | D:4      | 2564 ||| FLEEEEING.
  2567 | D:4      | 2567 ||| FLEEEEING.
  2569 | D:4      | 2569 ||| FLEEEEING.
  2570 | D:4      | 2570 ||| FLEEEEING.
  2571 | D:4      | 2571 ||| FLEEEEING.
  2572 | D:4      | 2572 ||| FLEEEEING.
  2573 | D:4      | 2573 ||| FLEEEEING.
  2574 | D:4      | 2574 ||| FLEEEEING.
  2575 | D:4      | 2575 ||| FLEEEEING.
  2576 | D:4      | 2576 ||| FLEEEEING.
  2577 | D:4      | 2577 ||| FLEEEEING.
  2578 | D:4      | 2578 ||| FLEEEEING.
  2579 | D:4      | 2579 ||| FLEEEEING.
  2580 | D:4      | 2580 ||| FLEEEEING.
  2581 | D:4      | 2581 ||| FLEEEEING.
  2582 | D:4      | 2582 ||| FLEEEEING.
  2583 | D:4      | 2583 ||| FLEEEEING.
  2584 | D:4      | 2584 ||| FLEEEEING.
  2585 | D:4      | 2585 ||| FLEEEEING.
  2586 | D:4      | 2586 ||| FLEEEEING.
  2587 | D:4      | 2587 ||| FLEEEEING.
  2588 | D:4      | 2588 ||| FLEEEEING.
  2589 | D:4      | 2589 ||| FLEEEEING.
  2590 | D:4      | 2590 ||| FLEEEEING.
  2591 | D:4      | 2591 ||| FLEEEEING.
  2592 | D:4      | 2592 ||| FLEEEEING.
  2593 | D:4      | 2593 ||| FLEEEEING.
  2594 | D:4      | 2594 ||| FLEEEEING.
  2595 | D:4      | 2595 ||| FLEEEEING.
  2596 | D:4      | 2596 ||| FLEEEEING.
  2597 | D:4      | 2597 ||| FLEEEEING.
  2598 | D:4      | 2598 ||| STAIRDANCE
  2636 | D:3      | 2636 ||| DRINKING 3 emerald potions.
  2656 | D:4      | You fall into a shaft and drop 1 floor!
  2656 | D:5      | Entered Level 5 of the Dungeon
  3125 | D:4      | Reached skill level 7 in Ranged Weapons
  3629 | D:5      | Found a sacrificial altar of Ru.
  3682 | D:5      | Noticed Eustachio
  3695 | D:5      | Killed Eustachio
  3696 | D:5      | Reached XP level 7. HP: 43/43 MP: 7/7
  3729 | D:5      | Reached skill level 8 in Ranged Weapons
  3788 | D:5      | HP: 4/43 [gnoll/+0 halberd (9)]
  3789 | D:5      | Slain by a gnoll

Levels and vault maps discovered:
D:1:      eino_arrival_tree_alley, layout_basic
D:2:      layout_basic, serial_shops, shop, minmay_gold_behind_fungi,
          minmay_misc_feat_cross, chequers_serial_rivers_room_a,
          hex_intersection
D:3:      layout_basic
D:4:      layout_basic, minmay_misc_feat_ornament
D:5:      layout_basic, nicolae_ru_sacrificial_ziggurat, chequers_arboretum,
          uniq_eustachio

Skill      XL: |  1  2  3  4  5  6  7 |
---------------+----------------------+-----
Ranged Weapons | 5 6 7 8 |  8.1
Fighting       | 3 4 |  4.1
Armour         | 1 |  1.0
Dodging        | |  1.5
Stealth        | |  1.1

Action                     |  1- 3 |  4- 6 |  7- 9 || total
---------------------------+-------+-------+-------++-------
   Fire: Shortbow          |    97 |   166 |    34 ||   297
    Use: Scroll            |     1 |     7 |       ||     8
         Potion            |       |     2 |       ||     2
 Armour: Leather armour    |    25 |     2 |       ||    27
         Ring mail         |       |    70 |    25 ||    95
  Dodge: Dodged            |    33 |    49 |    17 ||    99

Table legend:
 A = Non-vault XP
 B = Vault XP
 C = Vault XP percentage of total XP
 D = Non-vault monster count
 E = Vault monster count
 F = Vault count percentage of total count
                 A         B        C        D         E       F
            +---------+---------+-------+---------+---------+-------
      Total |     688 |     208 |  23.2 |      77 |       1 |   1.3
            +---------+---------+-------+---------+---------+-------
        D:1 |      35 |       0 |   0.0 |      19 |       0 |   0.0
        D:2 |     121 |       0 |   0.0 |      15 |       0 |   0.0
        D:3 |      71 |       0 |   0.0 |      23 |       0 |   0.0
        D:4 |     303 |       0 |   0.0 |      16 |       0 |   0.0
        D:5 |     158 |     208 |  56.8 |       4 |       1 |  20.0
            +---------+---------+-------+---------+---------+-------
